[ AOE2 MATCH · #494297968 ]
UnrankedBulgarians vs Burmese
Player's team · LOSS
Rival team · WIN
[ REPLAY ANALYSIS · EXTRACTED FROM THE RECORDED GAME ]
Feudal
17:51
Castle
—
Imperial
—
| APM avg | 38.9 |
| APM peak | 72 |
| eAPM avg | 22.4 |
| Villagers / military | 31 / 0 |
Focus
⚔️ 33.5% · 🌾 66.5%
Feudal
8:23
Castle
—
Imperial
—
| APM avg | 63.4 |
| APM peak | 125 |
| eAPM avg | 31.2 |
| Villagers / military | 24 / 17 |
Focus
⚔️ 39.1% · 🌾 60.9%
Archer ×15 · Spearman ×2
Match map
Initial resources + every placement click. Lines = walls · curves = elevation contours. ◆ gold · ⬟ stone · ● berries · ✦ relic · ◌ wall gap
Your base· Open — 2t gap
Aaag Boy 1's base· Open — 8t gap
Smoothed initial terrain · ◌ = detected wall gap · hover for details
Inputs per minute
— chubstorm - - Aaag Boy 1
Build order — chubstorm
70 actions detected in the replay
| 0:09 | Build | Town Center |
| 0:20 | Build | Palisade Wall |
| 0:21 | Build | Palisade Wall |
| 0:30 | Build | Palisade Wall |
| 0:33 | Build | Palisade Wall |
| 0:46 | Build | Palisade Wall |
| 1:06 | Build | Palisade Wall |
| 1:07 | Build | Palisade Wall |
| 1:11 | Build | Palisade Wall |
| 1:19 | Create | Villager (Male) |
| 1:21 | Build | House |
| 1:26 | Create | Villager (Male) |
| 1:37 | Build | House |
| 1:43 | Research | Loom |
| 1:44 | Create | Villager (Male) |
| 2:04 | Create | Villager (Male) |
| 2:13 | Create | Villager (Male) |
| 2:16 | Create | Villager (Male) |
| 2:18 | Create | Villager (Male) |
| 2:33 | Create | Villager (Male) |
| 2:46 | Create | Villager (Male) |
| 3:01 | Build | House |
| 3:49 | Create | Villager (Male) |
| 4:09 | Create | Villager (Male) |
| 4:20 | Create | Villager (Male) |
| 4:29 | Build | Lumber Camp |
| 4:47 | Create | Villager (Male) |
| 4:54 | Build | House |
| 5:45 | Build | Town Center |
| 5:52 | Build | Palisade Wall |
| 6:57 | Create | Villager (Male) |
| 6:57 | Create | Villager (Male) |
| 6:57 | Create | Villager (Male) |
| 6:58 | Create | Villager (Male) |
| 6:58 | Create | Villager (Male) |
| 8:31 | Build | House |
| 9:02 | Build | Palisade Wall |
| 9:04 | Create | Villager (Male) |
| 10:07 | Create | Villager (Male) |
| 10:22 | Create | Villager (Male) |
| 10:34 | Create | Villager (Male) |
| 10:48 | Create | Villager (Male) |
| 11:13 | Create | Villager (Male) |
| 11:19 | Build | Mill |
| 11:35 | Build | House |
| 11:52 | Build | Town Center |
| 12:14 | Build | Palisade Wall |
| 12:18 | Build | Palisade Wall |
| 12:23 | Build | Palisade Wall |
| 12:37 | Build | Palisade Gate |
| 12:49 | Create | Villager (Male) |
| 12:52 | Build | Palisade Wall |
| 13:00 | Create | Villager (Male) |
| 13:17 | Create | Villager (Male) |
| 13:33 | Create | Villager (Male) |
| 13:52 | Build | Farm |
| 13:55 | Build | Farm |
| 14:01 | Build | Farm |
| 14:27 | Build | House |
| 14:30 | Build | House |
| 14:54 | Create | Villager (Male) |
| 14:55 | Build | Farm |
| 15:41 | Research | Feudal Age |
| 16:38 | Build | Mill |
| 17:51 | Age | Feudal Age |
| 17:55 | Create | Villager (Male) |
| 17:58 | Build | Market |
| 18:08 | Build | Blacksmith |
| 18:25 | Create | Villager (Male) |
| 18:37 | Build | Lumber Camp |
Build order — Aaag Boy 1
83 actions detected in the replay
| 0:41 | Build | Town Center |
| 1:42 | Build | House |
| 1:44 | Build | House |
| 1:45 | Build | House |
| 1:52 | Research | Loom |
| 1:52 | Research | Loom |
| 1:53 | Research | Loom |
| 1:54 | Create | Villager (Male) |
| 1:54 | Create | Villager (Male) |
| 1:54 | Create | Villager (Male) |
| 1:55 | Create | Villager (Male) |
| 2:58 | Create | Villager (Male) |
| 3:41 | Create | Villager (Male) |
| 3:55 | Build | House |
| 4:25 | Create | Villager (Male) |
| 4:32 | Build | Mining Camp |
| 4:52 | Build | Lumber Camp |
| 5:04 | Create | Villager (Male) |
| 5:33 | Build | House |
| 5:48 | Build | Palisade Wall |
| 5:56 | Build | House |
| 6:13 | Research | Feudal Age |
| 6:13 | Research | Feudal Age |
| 6:53 | Build | Barracks |
| 7:32 | Build | House |
| 7:33 | Build | House |
| 8:19 | Create | Villager (Male) |
| 8:19 | Create | Villager (Male) |
| 8:23 | Age | Feudal Age |
| 8:30 | Build | Archery Range |
| 8:37 | Create | Villager (Male) |
| 9:18 | Create | Spearman |
| 9:18 | Create | Spearman |
| 9:25 | Create | Archer |
| 9:25 | Create | Archer |
| 9:29 | Build | House |
| 9:47 | Build | Lumber Camp |
| 10:30 | Build | House |
| 10:35 | Create | Archer |
| 10:46 | Create | Archer |
| 10:55 | Create | Archer |
| 11:10 | Build | Blacksmith |
| 11:16 | Create | Archer |
| 11:20 | Build | Palisade Wall |
| 11:22 | Build | Palisade Wall |
| 11:33 | Create | Archer |
| 11:49 | Research | Fletching |
| 11:49 | Create | Archer |
| 12:20 | Create | Archer |
| 12:55 | Build | Town Center |
| 12:59 | Build | House |
| 13:10 | Build | Palisade Wall |
| 13:12 | Build | House |
| 13:21 | Build | Palisade Wall |
| 13:28 | Create | Archer |
| 13:53 | Create | Villager (Male) |
| 13:53 | Create | Villager (Male) |
| 13:53 | Create | Villager (Male) |
| 14:06 | Create | Villager (Male) |
| 14:34 | Build | Mining Camp |
| 14:35 | Create | Villager (Male) |
| 14:35 | Create | Villager (Male) |
| 14:35 | Create | Villager (Male) |
| 14:58 | Create | Villager (Male) |
| 15:01 | Build | Mill |
| 15:26 | Create | Villager (Male) |
| 15:29 | Create | Archer |
| 16:08 | Create | Villager (Male) |
| 16:29 | Build | Market |
| 16:54 | Build | Outpost |
| 16:57 | Build | Mill |
| 17:05 | Create | Archer |
| 17:05 | Create | Archer |
| 17:09 | Create | Villager (Male) |
| 17:17 | Build | Watch Tower |
| 17:36 | Build | Farm |
| 17:36 | Build | Farm |
| 17:37 | Build | Farm |
| 17:40 | Create | Villager (Male) |
| 17:49 | Create | Archer |
| 18:18 | Create | Villager (Male) |
| 18:20 | Build | House |
| 18:36 | Create | Archer |
Match timeline
| 0:20 | chubstorm · wall_segment Palisade Wall x2 |
| 0:21 | chubstorm · wall_segment Palisade Wall x1 |
| 0:30 | chubstorm · wall_segment Palisade Wall x1 |
| 0:33 | chubstorm · wall_segment Palisade Wall x2 |
| 0:46 | chubstorm · wall_segment Palisade Wall x1 |
| 1:06 | chubstorm · wall_segment Palisade Wall x1 |
| 1:07 | chubstorm · wall_segment Palisade Wall x1 |
| 1:11 | chubstorm · wall_segment Palisade Wall x1 |
| 5:48 | Aaag Boy 1 · wall_segment Palisade Wall x1 |
| 5:52 | chubstorm · wall_segment Palisade Wall x1 |
| 6:53 | Aaag Boy 1 · first_building Barracks |
| 8:23 | Aaag Boy 1 · age_up feudal |
| 8:30 | Aaag Boy 1 · first_building Archery Range |
| 9:02 | chubstorm · wall_segment Palisade Wall x16 |
| 11:20 | Aaag Boy 1 · wall_segment Palisade Wall x1 |
| 11:22 | Aaag Boy 1 · wall_segment Palisade Wall x1 |
| 12:14 | chubstorm · wall_segment Palisade Wall x1 |
| 12:18 | chubstorm · wall_segment Palisade Wall x1 |
| 12:23 | chubstorm · wall_segment Palisade Wall x10 |
| 12:52 | chubstorm · wall_segment Palisade Wall x1 |
| 13:10 | Aaag Boy 1 · wall_segment Palisade Wall x1 |
| 13:21 | Aaag Boy 1 · wall_segment Palisade Wall x1 |
| 17:14 | Aaag Boy 1 · first_market_sell 100 wood |
| 17:15 | Aaag Boy 1 · first_market_buy 100 stone |
| 17:51 | chubstorm · age_up feudal |
| 19:14 | chubstorm · resign |
[ AI ANALYSIS · 1 CREDIT ]
What really happened in this match?
Wolo.gg analyzes every decision: build order, eco, micro, common mistakes by bracket. Personalized analysis on WhatsApp or Discord in 30 seconds.
Civ guide
Bulgarians
Perfil
Jugador #254815